 Dungeon Crawl Stone Soup version 0.30-a0-989-g0d87f670db (webtiles) character file.

Game seed: 14372550336103184896

224 mopl the Magician (level 6, -2/36 HPs)
             Began as an Octopode Hedge Wizard on Apr 3, 2023.
             Killed by miscasting Mephitic Cloud (7 damage)
             ... on level 4 of the Dungeon.
             The game lasted 00:04:43 (1920 turns).

mopl the Magician (Octopode Hedge Wizard)           Turns: 1920, Time: 00:04:43

Health: -2/36      AC:  1    Str: 10    XL:     6   Next: 0%
Magic:  4/12       EV: 13    Int: 18    God:
Gold:   62         SH:  5    Dex: 11    Spells: 2/13 levels left

rFire   . . .      SeeInvis .    a - +2 dagger (holy)
rCold   . . .      Faith    .    (no shield)
rNeg    . . .      Spirit   .    b - +0 hat
rPois   .          Reflect  +    t - amulet of reflection
rElec   .          Rampage  .    d - ring of resist corrosion
rCorr   +                        (no ring)
Will    .....                    (no ring)
Stlth   +++                      (no ring)
HPRegen 0.26/turn                (no ring)
MPRegen 0.13/turn                (no ring)
                                 (no ring)
                                 (no ring)

@: lethally poisoned (-2 -> -5), on blink cooldown, very slightly contaminated
A: almost no armour, amphibious, 8 rings, camouflage 1, gelatinous body 1,
(nimble swimmer 1), tentacles
a: no special abilities


You were on level 4 of the Dungeon.
You visited 1 branch of the dungeon, and saw 6 of its levels.

You collected 170 gold pieces.
You spent 108 gold pieces at shops.

Inventory:

Hand Weapons
 a - a +2 dagger of holy wrath (weapon)
Missiles
 g - a throwing net
 k - 3 silver boomerangs
 r - 2 boomerangs
Armour
 b - a +0 hat (worn)
Jewellery
 d - a ring of resist corrosion (left tentacle)
 h - an amulet of faith {!P}
 t - an amulet of reflection (around mantle)
Wands
 p - a wand of roots (12)
Scrolls
 l - 2 scrolls of immolation {unknown}
 n - a scroll of poison {unknown}
 q - 2 scrolls of teleportation
 s - a scroll of fog
Potions
 c - 3 potions of magic
 e - 2 potions of curing
 f - 3 potions of mutation {unknown}
 i - a potion of haste {unknown}
 j - 3 potions of heal wounds {unknown}
 m - a potion of brilliance {unknown}
 o - 2 potions of lignification {unknown}


   Skills:
 - Level 2.0 Dodging
 - Level 2.6 Stealth
 + Level 4.2 Spellcasting
 + Level 3.1 Conjurations
 - Level 1.0 Summonings
 + Level 3.2 Translocations
 + Level 0.8 Transmutations


You had 2 spell levels left.
You knew the following spells:

 Your Spells              Type           Power      Damage    Failure   Level
a - Magic Dart            Conj           60%        1d6       4%          1
c - Mephitic Cloud        Conj/Pois/Air  7%         N/A       28%         3
e - Blink                 Tloc           30%        N/A       6%          2
i - Irradiate             Conj/Tmut      5%         3d13      87%         5

Your spell library contained the following spells:

 Spells                   Type           Power      Damage    Failure   Level
 Necrotise                Necr           12%        1d4       14%         1
 Slow                     Hex            12%        N/A       14%         1
 Call Imp                 Summ           7%         N/A       14%         2
 Cigotuvi's Dreadful Rot  Necr/Pois/Air  6%         N/A       22%         2
 Vampiric Draining        Necr           3%         2d6       41%         3
 Blade Hands              Tmut           3%         N/A       96%         5
 Agony                    Necr           3%         N/A       99%         5
 Dragon Form              Tmut           3%         N/A       100%        7


Dungeon Overview and Level Annotations

Branches:
Dungeon (6/15)
 Temple: D:4-7

Altars:

Shops:
D:1 :   D:4 *


Innate Abilities, Weirdness & Mutations

You cannot wear most types of armour.
You are amphibious.
You can wear up to eight rings at the same time.
Your skin changes colour to match your surroundings (Stealth+).
Your rubbery body absorbs attacks. (AC +1, EV +1)
((You are camouflaged when in or above water. (Stealth+)))
You have tentacles for arms and can constrict up to eight enemies at once.


Message History

You are very lightly contaminated with residual magic.
You feel a sudden electric shock!
* * * LOW HITPOINT WARNING * * *
You constrict the orc, but do no damage.
The orc barely misses you. The orc hits you with a +0 dagger.
* * * LOW HITPOINT WARNING * * *
Unknown command.
Magic courses through your body.
You constrict the orc. The orc misses you. The orc hits you with a +0 dagger.
* * * LOW HITPOINT WARNING * * *
Unknown command.
Casting: Mephitic Cloud (quite dangerous; 28% risk of failure)
Confirm with . or Enter, or press ? or * to list all spells.
You blink.
You lose your grip on the orc.
Unknown command.
Casting: Blink (safe; 6% risk of failure)
Confirm with . or Enter, or press ? or * to list all spells.
The spell is quite dangerous to miscast (28% risk of failure)!
Continue anyway?
Aiming: Mephitic Cloud (quite dangerous; 28% risk of failure)
Press: ? - help, Shift-Dir - straight line, f - orc
Aim: an orc, wielding a +0 dagger and wearing a +0 leather armour (chance to affect: 96%)
The ball explodes into a vile cloud!
The stinking cloud engulfs the orc but does no damage.
The stinking cloud engulfs the scorpion but does no damage.
The stinking cloud engulfs the orc but does no damage.
The orc is heavily wounded.
The scorpion barely misses you.
The orc is engulfed in noxious fumes.
The orc appears confused.
You block the scorpion's attack.
Unknown command.
Unknown command.
Casting: Mephitic Cloud (quite dangerous; 28% risk of failure)
Confirm with . or Enter, or press ? or * to list all spells.
The spell is quite dangerous to miscast (28% risk of failure)!
Continue anyway?
Aiming: Mephitic Cloud (quite dangerous; 28% risk of failure)
Press: ? - help, Shift-Dir - straight line, f - scorpion, p - orc
Aim: a scorpion (chance to affect: 81%) That beam is likely to hit you.
Continue anyway?
You miscast Mephitic Cloud.
You feel incredibly sick!
You are poisoned.
You die...

###
..#..###
..#
#....!.#
..#
#......#
..#
#......+
...#
#......#
.8.#
#......#
...#
#..○○.)#
####
#..o○..#
#.@s.○.#
#..o...#
#......#
########


You could see a scorpion and 2 orcs.

Vanquished Creatures
  A phantom (D:6)
  Jessica (D:2)
  Ijyb (D:5)
  3 adders
  A worm (D:3)
  3 dart slugs
  6 orcs
  4 endoplasms (D:1)
  2 giant cockroaches (D:1)
  11 goblins
  2 hobgoblins
  2 quokkas
  5 ball pythons
  7 bats
  2 frilled lizards (D:2)
  3 kobolds
  3 rats
57 creatures vanquished.

Notes
Turn   | Place    | Note
-------+----------+-------------------------------------------
     0 | D:1      | mopl the Octopode Hedge Wizard began the quest for the Orb.
     0 | D:1      | Reached XP level 1. HP: 11/11 MP: 4/4
    71 | D:1      | Reached XP level 2. HP: 16/17 MP: 6/6
   185 | D:1      | Learned a level 2 spell: Blink
   211 | D:1      | Reached XP level 3. HP: 17/21 MP: 7/7
   365 | D:1      | Found Eporuibi's Book Shoppe.
   483 | D:2      | Identified the +0 mace of Cheibriados {heavy, Dex+2}
   517 | D:2      | Reached skill level 2 in Conjurations
   517 | D:2      | Reached skill level 2 in Translocations
   676 | D:2      | Noticed Jessica
   771 | D:2      | Killed Jessica
   772 | D:2      | Reached XP level 4. HP: 27/27 MP: 5/9
   997 | D:3      | You fall into a shaft and drop 3 floors!
  1013 | D:6      | Noticed a phantom
  1031 | D:6      | Killed a phantom
  1032 | D:6      | Reached skill level 4 in Spellcasting
  1032 | D:6      | Reached skill level 3 in Translocations
  1032 | D:6      | Reached XP level 5. HP: 28/31 MP: 1/11
  1119 | D:6      | Learned a level 3 spell: Mephitic Cloud
  1125 | D:6      | Learned a level 5 spell: Irradiate
  1126 | D:5      | Entered Level 5 of the Dungeon
  1126 | D:5      | Noticed Ijyb
  1135 | D:5      | Killed Ijyb
  1136 | D:5      | Reached skill level 3 in Conjurations
  1192 | D:4      | Identified the +2 leather armour "Lyil" {Dex+3}
  1257 | D:4      | Found Xoykikile's General Store.
  1275 | D:4      | Bought a scroll of teleportation for 36 gold pieces
  1275 | D:4      | Bought a scroll of identify for 24 gold pieces
  1275 | D:4      | Bought a scroll of fog for 48 gold pieces
  1903 | D:4      | Noticed an ogre
  1914 | D:4      | Reached XP level 6. HP: 18/36 MP: 5/12
  1920 | D:4      | Killed by miscasting Mephitic Cloud

Illustrated notes

Levels and vault maps discovered:
D:1:      lightli_molten_gateway, layout_rooms, serial_shops, shop
D:2:      layout_rooms, uniq_jessica
D:3:      layout_basic
D:4:      layout_basic, nicolae_stop_n_shop_1
D:5:      corexii_shantytown, layout_loops_corners, gammafunk_ghost_necromancy,
          grunt_ministairs_3, minmay_fractal_squares_gapless_5, uniq_ijyb
D:6:      cheibrodos_thug_alley, layout_basic, temple_green,
          minmay_misc_feat_alley

Skill      XL: |  1  2  3  4  5 |
---------------+----------------+-----
Conjurations   | 2 3 |  3.1
Translocations | 2 3 |  3.2
Spellcasting   | 4 |  4.2
Dodging        | |  2.0
Stealth        | |  2.6
Summonings     | |  1.0
Transmutations | |  0.8

Action                     |  1- 3 |  4- 6 || total
---------------------------+-------+-------++-------
  Melee: Dagger            |    40 |    52 ||    92
         Constrict         |     9 |     9 ||    18
         Tentacles         |     6 |    15 ||    21
         Punch             |     2 |     1 ||     3
   Cast: Magic Dart        |    31 |    49 ||    80
         Mephitic Cloud    |       |     2 ||     2
         Blink             |       |     1 ||     1
    Use: Potion            |     3 |     1 ||     4
         Scroll            |       |     1 ||     1
   Stab: Sleeping          |    13 |     1 ||    14
 Armour: Skin              |     3 |     3 ||     6
  Dodge: Dodged            |    23 |    45 ||    68
  Block: Other             |       |     3 ||     3

Table legend: (Time is in decaauts)
 A = Elapsed time spent in this place.
 B = Non-inter-level travel time spent in this place.
 C = Inter-level travel time spent in this place.
 D = Time resting spent in this place.
 E = Time spent auto-exploring this place.
 F = Levels seen in this place.
 G = Mean time per level.
                   A        B        C        D        E       F      G
               +--------+--------+--------+--------+--------+-----+--------+
         Total |   1918 |   1864 |     54 |    137 |   1222 |   6 |  319.7 |
       Dungeon |   1918 |   1864 |     54 |    137 |   1222 |   6 |  319.7 |
               +--------+--------+--------+--------+--------+-----+--------+

Top non-repeatable levels by time:
     D:3: 671 daAuts
     D:1: 514 daAuts
     D:2: 370 daAuts
     D:4: 182 daAuts
     D:6: 128 daAuts
     D:5: 51 daAuts
